 Dungeon Crawl Stone Soup version 0.29-a0-1065-g47a6bb87d6 (webtiles) character file.

Game seed: 10845224206630454796

18 fingers the Shield-Bearer (level 2, 24/24 HPs)
             Began as a Formicid Fighter on Aug 18, 2022.
             Got out of the dungeon alive.
             The game lasted 00:01:22 (560 turns).

fingers the Shield-Bearer (Formicid Fighter)         Turns: 560, Time: 00:01:23

Health: 24/24      AC:  6    Str: 20    XL:     2   Next: 85%
Magic:  2/2        EV:  9    Int:  7    God:
Gold:   20         SH:  5    Dex: 13    Spells: 1/1 levels left

rFire   . . .      SeeInvis +     - Unarmed
rCold   . . .      Faith    .   b - +0 buckler
rNeg    . . .      Spirit   .   a - +0 scale mail
rPois   .          Reflect  .   (helmet unavailable)
rElec   .          Harm     .   (no cloak)
rCorr   .          Rampage  .   (no gloves)
Will    .....                   (no boots)
Stlth   ..........              (no amulet)
HPRegen 0.08/turn               (no ring)
MPRegen 0.08/turn               (no ring)

@: no status effects
A: permanent stasis, dig shafts and tunnels, antennae 3, four strong arms
a: Dig, Shaft Self


You escaped.
You visited 1 branch of the dungeon, and saw 1 of its levels.

You collected 20 gold pieces.

Inventory:

Armour
 a - a +0 scale mail (worn)
 b - a +0 buckler (worn)
Scrolls
 e - a scroll of teleportation {unknown}
 f - a scroll of torment {unknown}
Potions
 c - a potion of might
 d - a potion of curing {unknown}


   Skills:
 + Level 3.5 Fighting
 + Level 3.5 Armour
 + Level 4.3 Shields
 + Level 2.3 Unarmed Combat


You had one spell level left.
You didn't know any spells.
Your spell library was empty.

Dungeon Overview and Level Annotations

Branches:
Dungeon (1/15)

Altars:


Innate Abilities, Weirdness & Mutations

You cannot be hasted, slowed, berserked, paralysed or teleported.
You can dig through walls and to a lower floor.
You have a pair of large antennae on your head. (SInv)
Your four strong arms can wield two-handed weapons with a shield.


Message History

The jackal is moderately wounded.
The jackal bites you but does no damage.
The jackal bites you but does no damage. x2
Found a brown potion.
The jackal barely misses you. You block the kobold's attack.
You hit the kobold.
You kill the kobold!
The jackal barely misses you.
An endoplasm comes into view.
The endoplasm quivers.
The jackal closely misses you. You block the jackal's attack.
Things that are here:
a +0 whip; a kobold corpse
Found a stone staircase leading down.
The jackal barely misses you. You block the jackal's attack.
The jackal completely misses you.
You closely miss the jackal. The jackal misses you.
You hit the jackal.
You kill the jackal!
The endoplasm closely misses you.
You hit the endoplasm.
The endoplasm is moderately wounded.
The endoplasm freezes you.
You are frozen.
You hit the endoplasm.
You kill the endoplasm!
Found a potion of might.
There is a stone staircase leading down here.
There is a stone staircase leading down here.
HP restored.
Things that are here:
a +0 whip; a kobold corpse You see here a rat corpse.
Things that are here:
a +0 dagger; a goblin skeleton
There is an open door here.
There is a staircase leading out of the dungeon here.
You can't go down here!
Are you sure you want to leave the Dungeon?
This will make you lose the game!
You have escaped!

#.......# #...........#
##.....######.#######..
##......# #....# ###
##.###.# ##.#.# ##.
###......#####...# ##..
#...'#≈≈##.......# #...
#...#....#.....### #...
#...≈....≈.....## #...
#..§≈§@⌠.≈.....#.###...
#...≈§...≈.....#...#...
###.#....#.....#...†...
####≈≈###≈≈###.......
.....#....#......##
?.$..≈....≈.##)...#
...[.≈.⌠..≈.....#.#
.....≈....≈.......#
...#....#........


There were no monsters in sight!

Vanquished Creatures
  A ball python (D:1)
  2 bats (D:1)
  5 endoplasms (D:1)
  A goblin (D:1)
  3 jackals (D:1)
  A kobold (D:1)
  A rat (D:1)
14 creatures vanquished.

Notes
Turn   | Place    | Note
-------+----------+-------------------------------------------
     0 | D:1      | fingers the Formicid Fighter began the quest for the Orb.
     0 | D:1      | Reached XP level 1. HP: 18/18 MP: 1/1
    80 | D:1      | Reached XP level 2. HP: 22/24 MP: 2/2
   560 | D:$      | Got out of the dungeon alive.

Illustrated notes

Levels and vault maps discovered:
D:1:      dpeg_arrival_rooms_with_view, layout_rooms, basic_ecumenical_altar

Action                   || total
-------------------------++-------
Melee: Unarmed           ||    43
 Abil: Dig               ||     1
Armor: Scale mail        ||    14
Dodge: Dodged            ||    23
Block: Buckler           ||    11

Table legend: (Time is in decaauts)
 A = Elapsed time spent in this place.
 B = Non-inter-level travel time spent in this place.
 C = Inter-level travel time spent in this place.
 D = Time resting spent in this place.
 E = Time spent auto-exploring this place.
 F = Levels seen in this place.
 G = Mean time per level.
                   A        B        C        D        E       F      G
               +--------+--------+--------+--------+--------+-----+--------+
         Total |    559 |    499 |     60 |    324 |     16 |   1 |  559.0 |
       Dungeon |    559 |    499 |     60 |    324 |     16 |   1 |  559.0 |
               +--------+--------+--------+--------+--------+-----+--------+

Top non-repeatable levels by time:
     D:1: 559 daAuts
